 Dungeon Crawl Stone Soup version 0.25.1-11-g244df3a29b (webtiles) character file.

Game seed: 11374583743813601857

541 Orenthal the Shield-Bearer (level 7, -7/43 HPs)
             Began as a Gargoyle Fighter on Dec 24, 2022.
             Killed by divine providence
             ... invoked by an orc priest
              (10 damage)
             ... on level 6 of the Dungeon.
             The game lasted 00:15:50 (1932 turns).

Orenthal the Shield-Bearer (Gargoyle Fighter)       Turns: 1932, Time: 00:15:50

Health: -7/43      AC: 12    Str: 20    XL:     7   Next: 26%
Magic:  7/7        EV:  8    Int: 10    God:
Gold:   67         SH: 10    Dex:  9    Spells: 6/6 levels left

rFire    . . .     SeeInvis .   a - +0 trident
rCold    . . .     Gourm    .   c - +0 kite shield
rNeg     + . .     Faith    .   e - +0 scale mail
rPois    ∞         Spirit   .   (no helmet)
rElec    +         Reflect  .   (no cloak)
rCorr    .         Harm     .   (no gloves)
MR       .....                  (no boots)
Stlth    ..........             (no amulet)
HPRegen  0.14/turn              (no ring)
MPRegen  0.10/turn              (no ring)

@: no status effects
A: negative energy resistance 1, electricity resistance, unbreathing,
petrification resistance, rot immunity, AC +4
a: no special abilities


You were on level 6 of the Dungeon.
You were not hungry.

You visited 1 branch of the dungeon, and saw 6 of its levels.

You collected 67 gold pieces.

Inventory:

Hand Weapons
 a - a +0 trident (weapon)
Armour
 b - a +0 scale mail
 c - a +0 kite shield (worn)
 e - a +0 scale mail (worn)
 g - a +0 ring mail
 j - a +0 plate armour
Jewellery
 n - a +4 ring of protection {unknown}
 p - a cursed amulet of inaccuracy {unknown}
Scrolls
 i - 2 scrolls of magic mapping {unknown}
 k - a scroll of identify {unknown}
 l - a scroll of remove curse {unknown}
 m - a scroll of teleportation {unknown}
Potions
 d - a potion of might
 h - a potion of magic
 o - 2 potions of degeneration {unknown}
 q - a potion of brilliance {unknown}
 r - a potion of curing
Comestibles
 f - 2 rations


   Skills:
 + Level 4.3 Fighting
 + Level 4.2 Polearms
 + Level 4.5 Armour
 + Level 1.3 Dodging
 + Level 0.6 Stealth
 + Level 5.5 Shields


You had 6 spell levels left.
You didn't know any spells.
Your spell library was empty.

Dungeon Overview and Level Annotations

Branches:
Dungeon (6/15)
 Temple: D:4-7

Altars:
Fedhas
Xom

Shops:
D:6 (


Innate Abilities, Weirdness & Mutations

You are resistant to torment.
Your stone body is resilient. (AC +4)
You are immune to poison.
You resist negative energy. (rN+)
You are resistant to electric shocks. (rElec)
You can survive without breathing.
You are immune to petrification.
You are immune to rotting.


Message History

You block the orc priest's attack. Something hits you but does no damage.
You closely miss the orc priest.
The orc priest is moderately wounded.
You block the orc priest's attack. Something hits you but does no damage.
You hit the orc priest.
The orc priest is heavily wounded.
Something hits you but does no damage. You block the crimson imp's attack.
The orc priest hits you but does no damage.
Your shield prevents you from hitting the orc priest.
The orc priest is heavily wounded.
Something hits you.
* * * LOW HITPOINT WARNING * * *
You block the crimson imp's attack.
The orc priest hits you but does no damage.
You closely miss the orc priest.
The orc priest is heavily wounded.
You block something's attack.
The crimson imp blinks!
The orc priest calls down the wrath of Beogh upon you.
Beogh smites you!
You die...

...# .. ......
..#####.. ......
.... .... .....
5.. .....
#...###.##.....
........#......
.## #............
.....#...o@§......
.......<.{..#..#..
..###)......# #
#......∩....#
#...#....##..#
##..##...# .## #.
....# .. # ##.#..
... ###... ...


You could see an orc priest and a crimson imp.

Vanquished Creatures
  A centaur (D:4)
  A bullfrog (D:6)
  4 crimson imps (D:3)
  2 hounds (D:4)
  5 worker ants (D:4)
  4 adders
  An ooze (D:4)
  An adder skeleton (D:4)
  A dart slug (D:1)
  A leopard gecko (D:1)
  6 orcs
  A bat (D:3)
  2 giant cockroaches
  2 goblins
  2 hobgoblins
  3 jackals (D:3)
  4 kobolds
  A ball python (D:1)
  3 frilled lizards
  A rat (D:1)
46 creatures vanquished.

Notes
Turn   | Place    | Note
-------+----------+-------------------------------------------
     0 | D:1      | Orenthal the Gargoyle Fighter began the quest for the Orb.
     0 | D:1      | Reached XP level 1. HP: 14/14 MP: 1/1
    84 | D:1      | Reached XP level 2. HP: 19/19 MP: 2/2
   211 | D:2      | Reached XP level 3. HP: 4/24 MP: 3/3
   221 | D:2      | HP: 1/24 [frilled lizard (2)]
   230 | D:2      | HP: 1/24 [frilled lizard (1)]
   542 | D:4      | Found a blossoming altar of Fedhas.
   555 | D:4      | Reached skill level 4 in Shields
   555 | D:4      | Reached XP level 4. HP: 29/29 MP: 4/4
   556 | D:4      | Noticed a centaur
   590 | D:4      | Reached XP level 5. HP: 27/33 MP: 5/5
   752 | D:4      | Killed a centaur
   752 | D:4      | Reached XP level 6. HP: 5/38 MP: 6/6
  1109 | D:3      | Found a shimmering altar of Xom.
  1149 | D:3      | Paralysed by a crimson imp for 7 turns
  1248 | D:3      | Paralysed by a crimson imp for 5 turns
  1262 | D:3      | Reached skill level 1 in Dodging
  1262 | D:3      | Reached skill level 5 in Shields
  1481 | D:3      | Reached XP level 7. HP: 15/43 MP: 7/7
  1811 | D:5      | Entered Level 5 of the Dungeon
  1896 | D:6      | Found Wichearr's Weapon Emporium.
  1932 | D:6      | Killed from afar by an orc priest

Illustrated notes

Levels and vault maps discovered:
D:1:      beargit_arrival_greenhouse, layout_basic, serial_rivers,
          chequers_serial_rivers_micro_a, chequers_serial_rivers_small_b,
          chequers_serial_rivers_micro_a, chequers_serial_rivers_large_b,
          chequers_serial_rivers_micro_a, chequers_serial_rivers_room_b
D:2:      layout_rooms, lemuel_coloured_pillars_altar, lemuel_doored_altar,
          grunt_temple_overflow_open
D:3:      layout_loops_corners, led_xom_imps
D:4:      kennysheep_the_goblin_king, layout_loops_cross,
          fedhas_bush_and_centaur_altar, first_ration, vehumet_altar_wand_db,
          uniq_ijyb
D:5:      layout_cave_pods
D:6:      layout_cave_pools, grunt_qazlal_sundering, evilmike_ruin_ashenzari,
          old_standard_altar, serial_shops, shop, portal_sewer_entry_a,
          grunt_ministairs_7

Skill      XL: |  1  2  3  4  5  6 |
---------------+-------------------+-----
Polearms       | 2 3 4 |  4.2
Shields        | 4 5 |  5.5
Fighting       | 4 |  4.3
Armour         | 4 |  4.5
Dodging        | 1 |  1.3
Stealth        | |  0.6

Action                   |  1- 3 |  4- 6 |  7- 9 || total
-------------------------+-------+-------+-------++-------
Melee: Trident           |    82 |   222 |    76 ||   380
  Use: Potion            |     1 |     1 |       ||     2
 Stab: Invisible         |       |     2 |       ||     2
  Eat: Ration            |     2 |       |       ||     2
Armor: Scale mail        |     9 |   159 |    49 ||   217
       Ring mail         |    31 |       |       ||    31
       Plate armour      |    18 |    50 |       ||    68
Dodge: Dodged            |    38 |    94 |    30 ||   162
Block: Kite shield       |    62 |   162 |    47 ||   271
